 Dungeon Crawl Stone Soup version 0.23-a0-650-ga4d50d4 (webtiles) character file.

7 Amnesiac the Ducker (level 1, -2/10 HPs)
             Began as a Spriggan Transmuter on Jan 2, 2019.
             Slain by a hobgoblin
             ... wielding a +0 club
              (3 damage)
             ... on level 1 of the Dungeon.
             The game lasted 00:00:41 (266 turns).

Amnesiac the Ducker (Spriggan Transmuter)            Turns: 266, Time: 00:00:41

Health: -2/10      AC:  2    Str:  6    XL:     1   Next: 83%
Magic:  4/5        EV: 18    Int: 14    God:
Gold:   0          SH:  0    Dex: 16    Spells: 4/5 levels left

rFire    . . .     SeeInvis +     - Unarmed
rCold    . . .     Gourm    .   (shield restricted)
rNeg     . . .     Faith    .   b - +0 robe
rPois    .         Spirit   .   (helmet restricted)
rElec    .         Reflect  .   (no cloak)
rCorr    .         Harm     .   (gloves unavailable)
MR       .....                  (boots unavailable)
Stlth    +.........             (no amulet)
HPRegen  0.03/turn              (no ring)
MPRegen  0.09/turn              (no ring)

@: appendage, very quick
A: very small, unfitting armour, talons 3, see invisible, herbivore, speed 3,
slow metabolism 2
a: End Transformation


You were on level 1 of the Dungeon.
You were not hungry.
You had grown temporary talons.
You visited 1 branch of the dungeon, and saw 1 of its levels.

Inventory:

Missiles
 a - 12 arrows
Armour
 b - a +0 robe (worn)
Potions
 c - a potion of curing {!q, unknown}
Comestibles
 d - a ration


   Skills:
 - Level 1.0 Fighting
 + Level 3.2 Dodging
 - Level 2.4 Unarmed Combat
 + Level 2.8 Spellcasting
 * Level 3.1 Transmutations


You had 4 spell levels left.
You knew the following spells:

 Your Spells              Type           Power        Failure   Level  Hunger
a - Beastly Appendage     Tmut           ##....       6%          1    #......

Your spell library contained the following spells:

 Spells                   Type           Power        Failure   Level  Hunger
 Sticks to Snakes         Tmut           ##......     10%         2    ##.....
 Spider Form              Tmut/Pois      #.........   34%         3    ###....
 Ice Form                 Ice/Tmut       #.......     75%         4    #####..
 Blade Hands              Tmut           ##........   86%         5    ######.


Dungeon Overview and Level Annotations

Branches:
Dungeon (1/15)

Altars:


Innate Abilities, Weirdness & Mutations

You are very small and have problems with some larger weapons.
You are too small for most types of armour.
You have supernaturally acute eyesight. (SInv)
You are a herbivore.
You cover ground extremely quickly.
You need to consume almost no food.
You have claws for feet.


Message History

Magic restored.
Your transformation is almost over.
A hobgoblin comes into view.
A hobgoblin is nearby!
A hobgoblin is nearby!
You start resting.
Your horns disappear.
You start resting.
HP restored.
Casting: Beastly Appendage (safe; 7% risk of failure)
Confirm with . or Enter, or press ? or * to list all spells.
Your feet morph into talons.
The hobgoblin shouts!
The hobgoblin misses you.
You hit the hobgoblin but do no damage. You claw the hobgoblin.
The hobgoblin is severely wounded.
The hobgoblin misses you.
You hit the hobgoblin. You claw the hobgoblin.
You kill the hobgoblin!
Your Transmutations skill increases to level 3!
Found a red potion.
You see here a hobgoblin corpse.
c - a red potion {!q} Magic restored.
A hobgoblin comes into view. It is wielding a +0 club.
A hobgoblin is nearby!
A hobgoblin is nearby!
A kobold comes into view. It is wielding a +0 dagger.
The kobold shouts!
You hear an angry hiss.
A kobold comes into view. It is wielding a +0 dagger.
The hobgoblin shouts!
A leopard gecko comes into view.
The leopard gecko hisses menacingly.
Found a whip.
Your transformation is almost over.
A bat comes into view.
Casting: Beastly Appendage (safe; 6% risk of failure)
Confirm with . or Enter, or press ? or * to list all spells.
You extend your transformation's duration.
You hit the kobold but do no damage. The kobold misses you.
You completely miss the kobold. The kobold hits you with a +0 dagger.
You hit the kobold but do no damage. You hit the kobold.
You kill the kobold!
Training target 1.0 for Fighting reached!
Your Fighting skill increases to level 1!
You barely miss the hobgoblin.
The hobgoblin hits you but does no damage.
You hit the hobgoblin but do no damage.
The hobgoblin hits you but does no damage.
You hit the hobgoblin.
The hobgoblin is heavily wounded.
The hobgoblin hits you with a +0 club.
Ouch! That really hurt!
* * * LOW HITPOINT WARNING * * *
You hit the hobgoblin.
The hobgoblin is almost dead.
The hobgoblin hits you with a +0 club.
* * * LOW HITPOINT WARNING * * *
You hit the hobgoblin but do no damage.
You claw the hobgoblin, but do no damage.
The hobgoblin is almost dead.
The hobgoblin hits you with a +0 club.
You die...

#......##.#.####.##.#.# #.#
#.....##.#.# #.##.#.#####.# .
#.....##.#.####.#.......##.#
.#####.#.........##.#..#.......#
....................#..#.†####.##
.....#..####.#.#.#..#..#........#
......#.####.#.#.#..#..#..####..#
...........#.....#..#..#..####..#
#####.##.#......@gl..........#..#
#####)##...###.###..#..#...#.##.#
....#.###..# #.# #..#..#...#.##.#
....#.###..# #.# #..#..l...^....#
..#.....##.# # #..#..#...g.....
...†..#.# .. ................
..#.###.# ..# ##b.#..#...#.##..
..#.# # ... #.........#.# . #####
##..........#


You could see a leopard gecko and a hobgoblin.

Vanquished Creatures
  A goblin (D:1)
  2 hobgoblins (D:1)
  A kobold (D:1)
  A bat (D:1)
  A rat (D:1)
6 creatures vanquished.

Notes
Turn   | Place    | Note
-------+----------+-------------------------------------------
     0 | D:1      | Amnesiac the Spriggan Transmuter began the quest for the
                  | Orb.
     0 | D:1      | Reached XP level 1. HP: 9/9 MP: 5/5
   261 | D:1      | Reached skill level 1 in Fighting
   266 | D:1      | Slain by a hobgoblin

Vault maps used:
D:1:      dpeg_arrival_ternary

Skill      XL: |  1 |
---------------+----+-----
Transmutations | 3 |  3.1
Fighting       | 1 |  1.0
Dodging        | |  3.2
Unarmed Combat | |  2.4
Spellcasting   | |  2.8

Action                   || total
-------------------------++-------
Melee: Unarmed           ||    26
       Kick              ||     3
       Headbutt          ||     3
 Cast: Beastly Appendage ||     4
Armor: Robe              ||     1
Dodge: Dodged            ||     9

Table legend:
 A = Non-vault XP
 B = Vault XP
 C = Vault XP percentage of total XP
 D = Non-vault monster count
 E = Vault monster count
 F = Vault count percentage of total count
                 A         B        C        D         E       F
            +---------+---------+-------+---------+---------+-------
      Total |      10 |       0 |   0.0 |       6 |       0 |   0.0
            +---------+---------+-------+---------+---------+-------
        D:1 |      10 |       0 |   0.0 |       6 |       0 |   0.0
            +---------+---------+-------+---------+---------+-------
